 Dungeon Crawl Stone Soup version 0.29-a0-330-g52719c12eb (webtiles) character file.

Game seed: 14733842659110387066

39 kae the Firebug (level 3, -4/26 HPs)
             Began as a Demigod Fire Elementalist on Apr 29, 2022.
             Slain by Robin
             ... wielding a +0 mace
              (8 damage)
             ... on level 1 of the Dungeon.
             The game lasted 00:00:53 (1525 turns).

kae the Firebug (Demigod Fire Elementalist)         Turns: 1525, Time: 00:00:54

Health: -4/26      AC:  2    Str:  9    XL:     3   Next: 11%
Magic:  1/9        EV: 12    Int: 21    God:
Gold:   75         SH:  5    Dex: 14    Spells: 3/6 levels left

rFire   . . .      SeeInvis .   (no weapon)
rCold   + . .      Faith    .   (no shield)
rNeg    . . .      Spirit   .   a - +0 robe
rPois   .          Reflect  +   (no helmet)
rElec   .          Harm     .   (no cloak)
rCorr   .          Rampage  .   (no gloves)
Will    .....                   (no boots)
Stlth   ++........              g - amulet of reflection
HPRegen 0.08/turn               d - +4 ring of slaying
MPRegen 0.11/turn               f - ring of protection from cold

@: no status effects
A: high MP 1, forlorn, divine attributes
a: no special abilities


You were on level 1 of the Dungeon.
You visited 1 branch of the dungeon, and saw 2 of its levels.

You collected 75 gold pieces.

Inventory:

Armour
 a - a +0 robe (worn)
Jewellery
 d - a +4 ring of slaying (left hand)
 f - a ring of protection from cold (right hand)
 g - an amulet of reflection (around neck)
Scrolls
 c - a scroll of identify
Potions
 b - a potion of magic
 e - a potion of curing
 i - a potion of brilliance


   Skills:
 - Level 1.7 Dodging
 - Level 1.7 Stealth
 + Level 2.3 Spellcasting
 + Level 1.8 Conjurations
 + Level 3.1 Fire Magic


You had 3 spell levels left.
You knew the following spells:

 Your Spells              Type           Power      Damage    Failure   Level
a - Foxfire               Conj/Fire      48%        2x1d6     4%          1
b - Scorch                Fire           30%        2d7       6%          2

Your spell library contained the following spells:

 Spells                   Type           Power      Damage    Failure   Level
 Static Discharge         Conj/Air       6%         N/A       16%         2
 Conjure Flame            Conj/Fire      12%        6-21      16%         3
 Inner Flame              Hex/Fire       9%         N/A       22%         3
 Flame Wave               Conj/Fire      12%        2d6       45%         4
 Lightning Bolt           Conj/Air       3%         1d14      95%         5
 Maxwell's Capacitive Co  Air            1%         ∞         100%        8


Dungeon Overview and Level Annotations

Branches:
Dungeon (2/15)

Annotations:
D:1 Robin
D:2 Terence


Innate Abilities, Weirdness & Mutations

You have an increased reservoir of magic. (+10% MP)
You shall have no god before yourself.
Your divine heritage dramatically boosts your attributes as you level up.


Message History

You conjure some foxfire!
The foxfire hits the hobgoblin.
The hobgoblin is almost dead.
A goblin comes into view. It is wielding a +0 dagger.
The foxfire hits the hobgoblin.
You kill the hobgoblin!
Casting: Foxfire (safe; 4% risk of failure)
Confirm with . or Enter, or press ? or * to list all spells.
You conjure some foxfire!
The goblin shouts!
The foxfire hits Robin but does no damage.
The foxfire hits Robin.
Robin is moderately wounded.
Casting: Foxfire (safe; 4% risk of failure)
Confirm with . or Enter, or press ? or * to list all spells.
You conjure some foxfire!
A hobgoblin comes into view.
The foxfire hits Robin.
Robin is heavily wounded.
The foxfire hits Robin.
Robin is heavily wounded.
Robin drinks a potion.
Robin seems to grow stronger.
You climb upwards.
There is a stone staircase leading down here.
Casting: Foxfire (safe; 4% risk of failure)
Confirm with . or Enter, or press ? or * to list all spells.
You don't have enough magic to cast this spell.
Casting: Foxfire (safe; 4% risk of failure)
Confirm with . or Enter, or press ? or * to list all spells.
You don't have enough magic to cast this spell.
Casting: Foxfire (safe; 4% risk of failure)
Confirm with . or Enter, or press ? or * to list all spells.
You conjure some foxfire!
Robin barely misses you. Robin hits you with a +0 mace.
Unknown command.
Your foxfire dissipates!
Robin attacks as you move away! Robin hits you with a +0 mace!
* * * LOW HITPOINT WARNING * * *
Robin attacks as you move away! Robin hits you with a +0 mace!
You die...

#.....# #.....# #.....#
#.....# #######.....#
............#
#########.#######
≈.≈.P...#.###...########
P≈..≈...#.......@g..>..#
P≈≈≈≈≈P.#.##....######.#
≈≈≈≈..≈.'..#....# #.#
≈≈≈.....'..#....# #.#
≈≈..P.♣.#..#....# #(#
≈.###...#..#.#### #.#
.## #####..#.# #.#
#########..#.# #.#
...........#.# #.#


You could see Robin (strong).

Vanquished Creatures
  A dart slug (D:1)
  An endoplasm (D:2)
  2 giant cockroaches (D:1)
  9 goblins
  4 hobgoblins
  3 jackals (D:1)
  2 kobolds (D:1)
  3 quokkas (D:1)
  2 ball pythons (D:1)
  3 bats (D:1)
  A rat (D:2)
31 creatures vanquished.

Vanquished Creatures (collateral kills)
  A foxfire (D:2)
1 creature vanquished.

Vanquished Creatures (others)
  104 foxfires
104 creatures vanquished.

Grand Total: 136 creatures vanquished

Notes
Turn   | Place    | Note
-------+----------+-------------------------------------------
     0 | D:1      | kae the Demigod Fire Elementalist began the quest for the
                  | Orb.
     0 | D:1      | Reached XP level 1. HP: 14/14 MP: 5/5
    44 | D:1      | Reached skill level 1 in Conjurations
   440 | D:1      | Reached XP level 2. HP: 9/20 MP: 0/7
   443 | D:1      | Learned a level 2 spell: Scorch
   733 | D:1      | Reached skill level 3 in Fire Magic
  1240 | D:2      | Noticed Terence
  1502 | D:2      | Reached XP level 3. HP: 26/26 MP: 5/9
  1506 | D:2      | Noticed Robin
  1525 | D:1      | Slain by Robin

Illustrated notes

Levels and vault maps discovered:
D:1:      lightli_arrival_windingriver, layout_basic, minmay_ruptured
D:2:      layout_basic, shapermc_ecumenical_altar_ellora, uniq_robin,
          uniq_terence, uniq_sigmund

Skill      XL: |  1  2 |
---------------+-------+-----
Conjurations   | 1 |  1.8
Spellcasting   | 2 |  2.3
Fire Magic     | 3 |  3.1
Dodging        | |  1.7
Stealth        | |  1.7

Action                   || total
-------------------------++-------
Melee: Unarmed           ||     5
       Punch             ||     1
 Cast: Foxfire           ||    64
  Use: Scroll            ||     5
Armor: Robe              ||     2
Dodge: Dodged            ||     8

Table legend: (Time is in decaauts)
 A = Elapsed time spent in this place.
 B = Non-inter-level travel time spent in this place.
 C = Inter-level travel time spent in this place.
 D = Time resting spent in this place.
 E = Time spent auto-exploring this place.
 F = Levels seen in this place.
 G = Mean time per level.
                   A        B        C        D        E       F      G
               +--------+--------+--------+--------+--------+-----+--------+
         Total |   1528 |   1396 |    132 |      0 |   1160 |   2 |  764.0 |
       Dungeon |   1528 |   1396 |    132 |      0 |   1160 |   2 |  764.0 |
               +--------+--------+--------+--------+--------+-----+--------+

Top non-repeatable levels by time:
     D:1: 1348 daAuts
     D:2: 179 daAuts
